 Dungeon Crawl Stone Soup version 0.31.0 (webtiles) character file.

Game seed: 13124491512137054635

8556 SnakkuSnakku7 the Severer (level 11, -10/78 HPs)
             Began as a Formicid Cinder Acolyte on Jan 20, 2024.
             Was an Elder of Ignis.
             Mangled by a troll (12 damage)
             ... on level 10 of the Dungeon.
             The game lasted 00:19:37 (10597 turns).

SnakkuSnakku7 the Severer (FoCA)                   Turns: 10597, Time: 00:19:37

Health: -10/78     AC: 15    Str: 23    XL:     11   Next: 58%
Magic:  12/12      EV:  9    Int: 16    God:    Ignis [****..]
Gold:   582        SH:  8    Dex:  9    Spells: 12/12 levels left

rFire   + + .        a - +0 broad axe
rCold   + . .        x - +0 kite shield
rNeg    + . .        z - +3 ring mail {rPois}
rPois   +            (helmet unavailable)
rElec   .            v - +0 cloak of the Heavens {Int+2}
rCorr   .            t - +2 pair of gloves
SInv    +            c - +2 pair of boots
Will    +....        (no amulet) Stlth
                     H - ring of the Jolly Places {+Blink rF+ rC+ rN+}
HPRegen 0.33/turn    (no ring)
MPRegen 0.13/turn

%: no passive effects
@: no status effects
A: permanent stasis, dig shafts and tunnels, antennae 3, four strong arms
a: Dig, Shaft Self, Renounce Religion, Fiery Armour, Foxfire Swarm, Rising Flame


You were on level 10 of the Dungeon.
You worshipped Ignis.
Ignis was greatly pleased with you.
You visited 1 branch of the dungeon, and saw 10 of its levels.
You also visited: Sewer and Bailey.

You collected 927 gold pieces.
You spent 345 gold pieces at shops.

Inventory:

Hand Weapons
 a - a +0 broad axe (weapon)
 D - a +2 trident of venom
 F - a -1 hand axe of flaming
 G - a +0 war axe
Missiles
 l - 66 poisoned darts (quivered)
 o - 7 curare-tipped darts
Armour
 c - a +2 pair of boots (worn)
 d - a scarf of repulsion
 j - a +0 plate armour
 t - a +2 pair of gloves (worn)
 v - the +0 cloak of the Heavens (worn) {Int+2}
   (You found it in a bailey)

   Int+2:     It affects your intelligence (+2).
 x - a +0 kite shield (worn)
 z - a +3 ring mail of poison resistance (worn)
Jewellery
 H - the ring of the Jolly Places (left hand) {+Blink rF+ rC+ rN+}
   (You found it in a bailey)

   [ring of positive energy]

   rF+:       It protects you from fire.
   rC+:       It protects you from cold.
   rN+:       It protects you from negative energy.
   +Blink:    It lets you blink.
Wands
 s - a wand of flame (33)
 y - a wand of iceblast (5)
 A - a wand of polymorph (10)
 B - a wand of digging (7)
Scrolls
 e - a scroll of enchant weapon {unknown}
 f - a scroll of silence {unknown}
 h - a scroll of revelation {unknown}
 i - a scroll of amnesia {unknown}
 k - 2 scrolls of enchant armour
 m - 3 scrolls of immolation {unknown}
 C - a scroll of fog
 I - a scroll of fear {unknown}
Potions
 b - 4 potions of degeneration {unknown}
 g - 3 potions of enlightenment
 p - 2 potions of heal wounds
 q - 5 potions of attraction
 r - 6 potions of curing
 u - a potion of lignification
 E - 3 potions of might
Miscellaneous
 w - a box of beasts


   Skills:
 - Level 4.8 Fighting
 + Level 15.1 Axes
 + Level 3.8 Shields
 - Level 1.1 Spellcasting
 - Level 3.0 Fire Magic
 - Level 8.0 Evocations


You had 12 spell levels left.
You didn't know any spells.
Your spell library contained the following spells:

 Spells                   Type           Power      Damage    Failure   Level
 Scorch                   Fire           20%        2d5       34%         2
 Magic Dart               Conj           0%         1d3       63%         1
 Summon Small Mammal      Summ           0%         N/A       63%         1
 Mercury Vapours          Alch/Air       0%         N/A       77%         2
 Searing Ray              Conj           0%         2d4       77%         2
 Call Canine Familiar     Summ           0%         N/A       94%         3
 Mephitic Cloud           Conj/Alch/Air  0%         N/A       94%         3
 Summon Blazeheart Golem  Fire/Summ      5%         N/A       99%         4
 Fulminant Prism          Conj/Alch      0%         3d5       100%        4
 Passage of Golubria      Tloc           0%         N/A       100%        4
 Freezing Cloud           Conj/Ice/Air   0%         6-21      100%        5
 Silence                  Hex/Air        0%         N/A       100%        5
 Summon Forest            Summ/Tloc      0%         N/A       100%        5
 Summon Mana Viper        Hex/Summ       0%         N/A       100%        5
 Summon Cactus Giant      Summ           0%         N/A       100%        6
 Lehudib's Crystal Spear  Conj/Erth      0%         10d2      100%        8


Dungeon Overview and Level Annotations

Branches:
Dungeon (10/15)            Temple (0/1) D:6           Sewer (visited)
 Bailey (visited)
   Lair: D:8-11         Orc: D:9-12

Altars:
Ashenzari
Cheibriados
Elyvilon
Fedhas
Gozag
Hepliaklqana
Kikubaaqudgha
Makhleb
Okawaru
Ru
Trog
Zin

Shops:
D:5 ?=   D:9 !

Annotations:
D:3 3 runed translucent doors, TheBioAlchemist's ghost, amateur OpSh


Innate Abilities, Weirdness & Mutations

You cannot be hasted, slowed, berserked, paralysed or teleported.
You can dig through walls and to a lower floor.
You have a pair of large antennae on your head. (SInv)
Your four strong arms can wield two-handed weapons with a shield.


Message History

The troll is moderately wounded.
The troll bites you. You block the troll's attack.
The troll completely misses you.
You hit the troll but do no damage.
The troll is moderately wounded.
The troll misses you. The troll barely misses you. The troll claws you!
You barely miss the troll.
The troll is moderately wounded.
The troll completely misses you. The troll claws you but does no damage.
The troll misses you.
You closely miss the troll.
The troll is moderately wounded.
The troll closely misses you. The troll claws you.
You block the troll's attack.
You closely miss the troll.
The troll is moderately wounded.
The troll bites you!
The troll claws you but does no damage. x2
You barely miss the troll.
The troll is moderately wounded.
The troll bites you!
* * * LOW HITPOINT WARNING * * *
The troll claws you but does no damage. x2
You barely miss the troll.
The troll is lightly wounded.
The troll bites you!
* * * LOW HITPOINT WARNING * * *
The troll claws you but does no damage. The troll closely misses you.
Okay, then.
As you read the scroll of summoning, it crumbles to dust.
Wisps of shadow whirl around you... The troll bites you but does no damage.
The troll claws you.
* * * LOW HITPOINT WARNING * * *
The troll claws you but does no damage.
Unknown command.
Your centaur wields a +0 shortbow.
Your centaur shoots an arrow.
The arrow closely misses the troll.
Your yak gores the troll.
Your yak gores the troll!
You see here a hound corpse.
The troll attacks as it pursues you! The troll bites you!
You die...

..###o.# #....o.#
##......# ##### #..#
#...# #..# ###.. #.#.##
##..# .....
#.##.#####..## ####.....
#####..##...# #........
##....@T## #..~~...~
##.###Y.####....≈..~ #.#
##YY.##....~~≈S #.#
##c........~~~ #)#
##Y.#....~~§h #.#
##.##.~≈~.≈≈h ### #.#
#..##...~≈≈≈. #.####.##
#...#...~≈≈~~
##..##..####.#.....≈~≈~.


You could see a troll (ally target), 4 friendly yaks and a friendly centaur
(summoned).

Vanquished Creatures
  A two-headed ogre (D:8)
  Amaemon (D:9)
  An orange demon (D:9)
  An unseen horror (D:9)
  A troll (D:9)
  Grinder (D:5)
  Sigmund (D:5)
  10 yaks
  A wyvern (D:9)
  A steam dragon (D:7)
  Edmund (D:5)
  2 water moccasins
  Pargi (Sewer)
  4 orc warriors
  An ice beast (D:6)
  2 black bears
  2 wolves (D:10)
  2 centaurs
  12 kobold brigands
  A brain worm (Sewer)
  A bullfrog (D:8)
  4 scorpions
  2 gnoll sergeants
  3 wights (D:8)
  10 killer bees
  3 howler monkeys
  An electric eel (D:10)
  3 bombardier beetles
  4 orc priests
  3 hounds
  A sleepcap (D:7)
  Ijyb (D:5)
  An iguana (D:6)
  13 orc wizards
  Natasha (thrice) (D:2)
  7 adders
  8 gnolls (D:9)
  A river rat (D:6)
  2 white imps
  4 ribbon worms
  4 dart slugs
  44 orcs
  6 ball pythons
  5 endoplasms
  5 giant cockroaches
  14 goblins
  8 hobgoblins
  3 jackals (D:3)
  8 quokkas
  19 bats
  4 frilled lizards
  32 kobolds
  6 rats
280 creatures vanquished.

Vanquished Creatures (others)
  An arcanist (D:4)
1 creature vanquished.

Grand Total: 281 creatures vanquished

Notes
Turn   | Place    | Note
-------+----------+-------------------------------------------
     0 | D:1      | SnakkuSnakku7 the Formicid Cinder Acolyte began the quest
                  | for the Orb.
     0 | D:1      | Reached XP level 1. HP: 18/18 MP: 2/2
   140 | D:1      | Reached XP level 2. HP: 24/24 MP: 3/3
   345 | D:1      | Reached skill level 4 in Axes
   345 | D:1      | Reached XP level 3. HP: 29/29 MP: 4/4
   698 | D:2      | Noticed Natasha
   708 | D:2      | Killed Natasha
   709 | D:2      | Reached XP level 4. HP: 3/35 MP: 5/5
   885 | D:2      | Noticed Natasha
   896 | D:2      | Killed Natasha
   897 | D:2      | Reached skill level 5 in Axes
  1016 | D:2      | Reached XP level 5. HP: 41/41 MP: 6/6
  1723 | D:2      | Noticed Natasha
  1732 | D:2      | Killed Natasha
  2018 | D:3      | Reached skill level 6 in Axes
  2134 | D:3      | Found a runed translucent gate.
  2134 | D:3      | Found a runed translucent gate.
  2134 | D:3      | Found a runed translucent gate.
  2179 | D:3      | Reached XP level 6. HP: 28/47 MP: 7/7
  2341 | D:3      | Noticed TheBioAlchemist's ghost (amateur OpSh)
  2419 | D:3      | Found a sacrificial altar of Ru.
  2667 | D:3      | Found a snail-covered altar of Cheibriados.
  2887 | D:4      | Reached skill level 7 in Axes
  3015 | D:4      | Reached XP level 7. HP: 47/52 MP: 8/8
  3190 | D:4      | Found a bloodstained altar of Trog.
  3194 | D:4      | Noticed a wizard
  3199 | D:4      | Killed a wizard
  3569 | D:5      | Entered Level 5 of the Dungeon
  3589 | D:5      | Reached skill level 8 in Axes
  3612 | D:5      | Noticed Sigmund
  3673 | D:5      | Killed Sigmund
  3674 | D:5      | Reached XP level 8. HP: 54/58 MP: 9/9
  3705 | D:5      | Found a glowing silver altar of Zin.
  3811 | D:5      | Found a hazy altar of Hepliaklqana.
  3855 | D:5      | Reached skill level 9 in Axes
  3881 | D:5      | Found Wesoomn's Jewellery Shoppe.
  3896 | D:5      | Noticed Ijyb
  3900 | D:5      | Noticed Edmund
  3907 | D:5      | Killed Ijyb
  3921 | D:5      | Killed Edmund
  4054 | D:5      | Identified the +6 longbow of Compound Interest {heavy,
                  | Int+2}
  4142 | D:5      | Found a white marble altar of Elyvilon.
  4185 | D:5      | Noticed Grinder
  4236 | D:5      | Killed Grinder
  4237 | D:5      | Reached skill level 10 in Axes
  4401 | D:5      | Found Funik's Magic Scroll Shoppe.
  4454 | D:5      | Bought a scroll of identify for 26 gold pieces
  4454 | D:5      | Bought a scroll of identify for 26 gold pieces
  4454 | D:5      | Bought a scroll of enchant armour for 97 gold pieces
  4454 | D:5      | Bought a scroll of identify for 26 gold pieces
  4454 | D:5      | Bought a scroll of enchant armour for 97 gold pieces
  4454 | D:5      | Bought a scroll of noise for 13 gold pieces
  4498 | D:5      | Found a burning altar of Makhleb.
  4884 | D:6      | Found an opulent altar of Gozag.
  4897 | D:6      | Reached skill level 11 in Axes
  4897 | D:6      | Reached XP level 9. HP: 54/64 MP: 10/10
  4928 | D:6      | Found a glowing drain.
  4936 | Sewer    | Entered a sewer
  4968 | Sewer    | Noticed Pargi
  4994 | Sewer    | Killed Pargi
  5145 | D:6      | Found a staircase to the Ecumenical Temple.
  5393 | D:6      | Reached skill level 12 in Axes
  6390 | D:7      | Reached skill level 13 in Axes
  6696 | D:7      | Reached XP level 10. HP: 52/70 MP: 11/11
  6872 | D:8      | Found a flagged portal.
  6936 | D:8      | Reached skill level 1 in Evocations
  6953 | D:8      | Noticed a two-headed ogre
  6996 | D:8      | Killed a two-headed ogre
  6997 | D:8      | Reached skill level 5 in Evocations
  7081 | Bailey   | Entered a bailey
  7444 | Bailey   | Identified the ring of the Jolly Places {+Blink rF+ rC+
                  | rN+}
  7709 | Bailey   | Found a bloodstained altar of Trog.
  7715 | Bailey   | Identified the +0 cloak of the Heavens {Int+2}
  8648 | D:8      | Reached XP level 11. HP: 65/78 MP: 12/12
  8706 | D:9      | Found Nushros's Distillery.
  8735 | D:9      | Bought a potion of might for 60 gold pieces
  8751 | D:9      | Found a broken altar of Ashenzari.
  9064 | D:8      | Reached skill level 14 in Axes
  9193 | D:9      | Found an ancient bone altar of Kikubaaqudgha.
  9245 | D:9      | Identified the +1 rapier "Reczog" {freeze, *Rage rElec
                  | Int+3}
  9245 | D:9      | Noticed Amaemon
  9290 | D:9      | Killed Amaemon
  9654 | D:9      | Reached skill level 1 in Shields
  9875 | D:9      | Found an iron altar of Okawaru.
 10040 | D:9      | Found a blossoming altar of Fedhas.
 10130 | D:10     | Entered Level 10 of the Dungeon
 10152 | D:10     | Noticed a two-headed ogre
 10185 | D:9      | Reached skill level 15 in Axes
 10595 | D:10     | HP: 2/78 [troll (6)]
 10597 | D:10     | Mangled by a troll

Illustrated notes

Levels and vault maps discovered:
D:1:      lemuel_arrival_room, layout_basic
D:2:      layout_basic, uniq_natasha
D:3:      layout_basic, slow_altar_2, nicolae_ru_path_of_blood,
          gammafunk_ghost_icy
D:4:      layout_loops_ring, trog_wizard, minmay_hedge_maze
D:5:      layout_layer_cave, mainiacjoe_overflow_24_doors,
          nicolae_overflow_hidden_temple, serial_shops,
          nicolae_shop_rolling_square, nrook_campfire, nicolae_stop_n_shop_1,
          uniq_sigmund, uniq_grinder, uniq_edmund, uniq_ijyb
D:6:      layout_layer_cave, grunt_gozag_statues,
          minmay_temple_entry_large_hall, gup_sewer_entry_bubbles,
          chequers_serial_rivers_marsh
D:7:      layout_rooms, nrook_mini_vaults, nicolae_elevator_lobby_plus
D:8:      layout_basic, enter_bailey_3
D:9:      corexii_shack_village, layout_small_grid,
          lemuel_coloured_pillars_altar, old_standard_altar, okawaru_trees_1,
          nicolae_ashenzari_skybound, serial_shops, shop,
          hangedman_decor_lopped, uniq_amaemon
D:10:     layout_layer_cave, lemuel_doored_altar, erik_lair_island

Skill      XL: |  1  2  3  4  5  6  7  8  9 10 11 |
---------------+----------------------------------+-----
Axes           | 4 5 6 7 8 11 13 15 | 15.1
Evocations     | 8 |  8.0
Fighting       | 4 |  4.8
Shields        | 3 |  3.8
Spellcasting   | |  1.1
Fire Magic     | |  3.0

Action                     |  1- 3 |  4- 6 |  7- 9 | 10-12 || total
---------------------------+-------+-------+-------+-------++-------
  Melee: Hand axe          |    71 |   249 |   444 |    66 ||   830
         Punch             |     1 |     1 |     7 |     3 ||    12
         Trident           |       |       |       |   245 ||   245
         Broad axe         |       |       |       |   163 ||   163
  Throw: Dart              |       |       |     4 |     9 ||    13
 Invoke: Fiery Armour      |     1 |       |     2 |       ||     3
Ability: Dig               |       |       |     2 |     1 ||     3
  Evoke: Wand              |       |       |     1 |    16 ||    17
    Use: Potion            |     2 |       |       |     3 ||     5
         Scroll            |       |       |     9 |     3 ||    12
   Stab: Paralysed         |       |       |     6 |    20 ||    26
 Armour: Robe              |    37 |       |       |       ||    37
         Plate armour      |    20 |   237 |   155 |       ||   412
         Ring mail         |       |       |   232 |   337 ||   569
  Dodge: Dodged            |    42 |    67 |   195 |   199 ||   503
         Repelled          |     1 |     3 |     6 |       ||    10
  Block: Kite shield       |       |       |       |    58 ||    58
